[Event "Tuesday Night Engine Tour 13 Rd Swiss 5m+1s Starts at 2200hrs"]
[Site "Infinity Chess"]
[Date "2018.1.31"]
[Round "10"]
[White "localhero"]
[Black "RonWeasley"]
[Result "1/2-1/2"]
[ECO "A46"]
[WhiteElo "2486"]
[BlackElo "2534"]
[WhiteEngine "asmfish-popcnt-012018-W"]
[BlackEngine "BrainFish 060118_CTG"]
[EventType "Swiss"]
[WhiteTeam ""]
[BlackTeam ""]
[PlyCount "354"]
[TimeControl "300+1"]

1. d4 Nf6 2. Nf3 d5 3. e3 e6 4. Bd3 b6 5. b3 Bb7 6. O-O Nbd7 7. c4 Bd6 
8. Nc3 O-O 9. Bb2 Re8 10. Nb5 Bb4 11. Rc1 a6 12. Nc3 Bd6 13. Nd2 h6 14. Re1 c5 
15. cxd5 cxd4 16. Nce4 Nxe4 17. Nxe4 Bb4 18. Rf1 Ne5 19. Bb1 exd5 20. Qxd4 dxe4 
21. Qxb4 Nd3 22. Bxd3 exd3 23. Qg4 Qg5 24. Qxg5 hxg5 25. Rfd1 Rac8 
26. Rxd3 Rxc1+ 27. Bxc1 Rc8 28. Ba3 Rc2 29. h3 Rxa2 30. Be7 Be4 31. Rd6 b5 
32. b4 f6 33. Bd8 Kh7 34. Ba5 Rb2 35. Rxa6 Bd3 36. Rd6 Bc4 37. Rd4 Kg6 
38. Rd6 Kh6 39. Rd4 Kh5 40. Rd7 Kh6 41. Rd6 Kg6 42. Rd1 Rb3 43. Rd4 Rb1+ 
44. Kh2 Rb3 45. Rd2 Kf5 46. Kg3 Ke6 47. Rc2 Kf7 48. Rd2 Bf1 49. Rc2 Bc4 
50. Kh2 Ke6 51. Rd2 Kf7 52. Rd7+ Kg6 53. Kg3 Bf1 54. Rd2 Kf7 55. Rd7+ Kg6 
56. Kf3 Rb2 57. Rd4 Bc4 58. Kg3 Kf7 59. Rd7+ Kg6 60. Rd8 Kf7 61. Rd7+ Kg6 
62. Rd4 Kf5 63. Rd6 Bf1 64. Rd7 Kg6 65. Rd4 Bc4 66. Rg4 Kh5 67. Rd4 Kg6 
68. h4 gxh4+ 69. Rxh4 Kf5 70. Rg4 g5 71. Rd4 Ke6 72. Rd8 f5 73. Rg8 f4+ 
74. Kf3 fxe3 75. Re8+ Kf7 76. Rxe3 Bd5+ 77. Kg3 Bc4 78. Re5 Kf6 79. Rc5 Bf1 
80. Kf3 Rb3+ 81. Kg4 Bxg2 82. Rf5+ Ke6 83. Rxg5 Bc6 84. Rg6+ Kd5 85. Rf6 Bd7+ 
86. Kg5 Be6 87. Rf4 Rc3 88. Rf8 Rc8 89. Rxc8 Bxc8 90. Kf4 Be6 91. Bc7 Bh3 
92. Bd8 Bc8 93. Ke3 Kc4 94. Be7 Kd5 95. Bc5 Bh3 96. Kf4 Bc8 97. Ke3 Bh3 
98. Kf4 Bd7 99. Be7 Be6 100. Bd8 Bh3 101. Kg3 Be6 102. Kf3 Kc4 103. Ba5 Bd5+ 
104. Kf4 Bb7 105. Kf5 Bf3 106. Kg6 Kc3 107. Kf5 Kc4 108. Kg5 Kd5 109. Kf4 Bh5 
110. Ke3 Bg6 111. Bb6 Kc4 112. Ba5 Be8 113. Ke4 Bc6+ 114. Kf4 Bb7 115. Ke5 Bf3 
116. Kf5 Kc3 117. Kf4 Bb7 118. Kg4 Bc8+ 119. Kf4 Bb7 120. Kg5 Bf3 121. Kf6 Kb3 
122. Kg5 Kc4 123. Kg6 Be4+ 124. Kg7 Bf3 125. Kh6 Kb3 126. Kg6 Kc3 127. Kg5 Kd4 
128. Bb6+ Ke5 129. Be3 Ke4 130. Bb6 Ke5 131. Be3 Kd5 132. Kf4 Bh5 133. Bb6 Be8 
134. Kf5 Bd7+ 135. Kg5 Bh3 136. f3 Bd7 137. f4 Ke4 138. Bc5 Bf5 139. Bd4 Bd7 
140. Bf6 Bf5 141. Bc3 Be6 142. Bb2 Bd7 143. Bf6 Bh3 144. Be7 Bd7 145. Bc5 Bh3 
146. Bb6 Bc8 147. Bg1 Be6 148. Bb6 Bd7 149. Bc7 Bh3 150. Be5 Be6 151. Bc7 Bc8 
152. Bb8 Be6 153. Bd6 Bc8 154. Kh5 Bh3 155. Bc7 Bd7 156. Kh4 Bc8 157. Bd6 Bd7 
158. Kh5 Bf5 159. Bb8 Be6 160. Kg6 Bf5+ 161. Kf6 Bh3 162. Kf7 Bd7 163. Bd6 Bh3 
164. Kf6 Bd7 165. Ke7 Bh3 166. Be5 Bg4 167. Bc7 Bf5 168. Be5 Bg4 169. Bd6 Bh3 
170. Kf7 Kd5 171. Be5 Kc4 172. Bd6 Kd5 173. Bc7 Ke4 174. Bb8 Bf1 175. Kg8 Bc4+ 
176. Kf8 Bf1 177. f5 Kxf5 1/2-1/2

[Event "Tuesday Night Engine Tour 13 Rd Swiss 5m+1s Starts at 2200hrs"]
[Site "Infinity Chess"]
[Date "2018.1.31"]
[Round "10"]
[White "SkyPilot"]
[Black "MCDermont"]
[Result "1/2-1/2"]
[ECO "C11"]
[WhiteElo "2492"]
[BlackElo "2569"]
[WhiteEngine "stockfish_x64_bmi2_2018_01_23_CTG"]
[BlackEngine "BrainFish 060118_CTG"]
[EventType "Swiss"]
[WhiteTeam ""]
[BlackTeam ""]
[PlyCount "67"]
[TimeControl "300+1"]

1. e4 e6 2. d4 d5 3. Nc3 Nf6 4. e5 Nfd7 5. f4 c5 6. Nf3 Nc6 7. Be3 cxd4 
8. Nxd4 Qb6 9. a3 Bc5 10. Ncb5 a6 11. Nxc6 axb5 12. Bxc5 Nxc5 13. Nd4 Bd7 
14. Be2 O-O 15. c3 f6 16. exf6 Rxf6 17. g3 g5 18. Qd2 gxf4 19. gxf4 Qd6 
20. Rf1 Ne4 21. Qe3 Raf8 22. Bxb5 Bxb5 23. Nxb5 Qc6 24. Qe2 Rxf4 25. O-O-O Rxf1 
26. Qg2+ Kh8 27. Rxf1 Rg8 28. Qe2 e5 29. Qh5 Qe6 30. Nc7 Qd6 31. Ne8 Qe6 
32. Nc7 Qd6 33. Nb5 Qe6 34. Nc7 1/2-1/2

[Event "Tuesday Night Engine Tour 13 Rd Swiss 5m+1s Starts at 2200hrs"]
[Site "Infinity Chess"]
[Date "2018.1.31"]
[Round "9"]
[White "KillBill2017"]
[Black "KULLANI"]
[Result "1/2-1/2"]
[ECO "C77"]
[WhiteElo "2444"]
[BlackElo "2489"]
[WhiteEngine "Raubfisch ME262_GTZ16b4_CTG"]
[BlackEngine "BrainFish_180124_x64_CTG"]
[EventType "Swiss"]
[WhiteTeam ""]
[BlackTeam ""]
[PlyCount "87"]
[TimeControl "300+1"]

1. e4 e5 2. Nf3 Nc6 3. Bb5 a6 4. Ba4 Nf6 5. O-O Be7 6. Re1 b5 7. Bb3 O-O 
8. c3 d5 9. exd5 Nxd5 10. Nxe5 Nxe5 11. Rxe5 c6 12. d4 Bd6 13. Re1 Qh4 
14. g3 Qh3 15. Be3 Be6 16. Qd3 a5 17. Qf1 Qf5 18. Bd1 Qg6 19. Qg2 b4 20. c4 Nxe3 
21. fxe3 Bxc4 22. Nd2 Bd5 23. Bf3 Rfd8 24. Rac1 a4 25. Nc4 Qf6 26. Rf1 Qe6 
27. Qe2 a3 28. bxa3 bxa3 29. e4 Bxc4 30. Qxc4 Qxc4 31. Rxc4 Be7 32. Rd1 Rab8 
33. Rxc6 Rb2 34. e5 Rxa2 35. d5 Bb4 36. d6 g6 37. Rc7 Kh8 38. Rxf7 Rb2 
39. Kh1 a2 40. Ra7 Bc5 41. Ra5 Bb4 42. Ra7 Bc5 43. Ra5 Bb4 44. Ra7 1/2-1/2

[Event "Tuesday Night Engine Tour 13 Rd Swiss 5m+1s Starts at 2200hrs"]
[Site "Infinity Chess"]
[Date "2018.1.31"]
[Round "9"]
[White "koalachess"]
[Black "localhero"]
[Result "0-1 "]
[ECO "C58"]
[WhiteElo "2297"]
[BlackElo "2477"]
[WhiteEngine "asmFishW_2017-11-19_popcnt_CTG"]
[BlackEngine "asmfish-popcnt-012018-W"]
[EventType "Swiss"]
[WhiteTeam ""]
[BlackTeam ""]
[PlyCount "202"]
[TimeControl "300+1"]

1. e4 e5 2. Nf3 Nc6 3. Bc4 Nf6 4. Ng5 d5 5. exd5 Na5 6. Bb5+ c6 7. dxc6 bxc6 
8. Qf3 Be7 9. Bxc6+ Nxc6 10. Qxc6+ Bd7 11. Qf3 O-O 12. Nc3 Ng4 13. h3 Nxf2 
14. Qxf2 Bxg5 15. O-O Bh4 16. Qc5 e4 17. Qe3 Bc6 18. d4 exd3 19. Qxd3 Qe7 
20. Qe2 Qb7 21. Qg4 Bd8 22. Be3 Bb6 23. Rae1 Rae8 24. Bxb6 Qxb6+ 25. Kh2 Rxe1 
26. Rxe1 Qxb2 27. Qc4 Qb8+ 28. Kg1 Qb6+ 29. Kh2 Qc7+ 30. Kg1 Qb6+ 31. Kh2 h6 
32. Re7 Qb8+ 33. Kg1 Qd6 34. Re3 Rc8 35. Ne2 Rb8 36. Rc3 Rb1+ 37. Kf2 Bd5 
38. Qf4 Qg6 39. Qg4 Qxg4 40. hxg4 Bxa2 41. Ra3 Be6 42. g5 hxg5 43. Nd4 Bc4 
44. Rxa7 Rf1+ 45. Ke3 Re1+ 46. Kf3 Rf1+ 47. Ke3 Re1+ 48. Kf2 Re4 49. Rd7 Kh7 
50. c3 f6 51. Kf3 Re5 52. Kf2 Bd3 53. Nb3 Bf5 54. Rc7 Re8 55. Nd4 Bd3 
56. Ra7 Kh6 57. g4 Kh7 58. Kg3 Kg8 59. Rc7 Kf8 60. Rd7 Re5 61. Rc7 Re7 
62. Rc8+ Kf7 63. Kf2 Ba6 64. Rc5 Bb7 65. Nf5 Rd7 66. Nd4 Re7 67. Nf5 Rd7 
68. Nd4 Bd5 69. Rb5 g6 70. Rc5 Be6 71. Nxe6 Kxe6 72. Ke3 Rd1 73. Rb5 Rf1 
74. Rb4 Re1+ 75. Kf2 Re5 76. Rb6+ Kf7 77. Rb7+ Re7 78. Rb5 Rc7 79. Rb4 f5 
80. c4 Rc6 81. Ke3 Re6+ 82. Kd3 Re4 83. gxf5 gxf5 84. Rb1 Ke6 85. Rc1 Kd6 
86. Rf1 Ke5 87. c5 Rd4+ 88. Kc3 Rd7 89. Rc1 Kd5 90. Kd3 Kc6+ 91. Ke2 Rd5 
92. Rg1 g4 93. Ke3 Rxc5 94. Kf4 Kb5 95. Ra1 Rd5 96. Rb1+ Kc4 97. Ra1 Kd3 
98. Rd1+ Kc4 99. Ra1 Kc3 100. Re1 Kc2 101. Re8 Kd1 0-1

[Event "Tuesday Night Engine Tour 13 Rd Swiss 5m+1s Starts at 2200hrs"]
[Site "Infinity Chess"]
[Date "2018.1.31"]
[Round "9"]
[White "star99"]
[Black "Time_bandit"]
[Result "1/2-1/2"]
[ECO "D20"]
[WhiteElo "2453"]
[BlackElo "2537"]
[WhiteEngine "Cryptic AIL V2"]
[BlackEngine "asmfish-popcnt-012018-W"]
[EventType "Swiss"]
[WhiteTeam ""]
[BlackTeam ""]
[PlyCount "128"]
[TimeControl "300+1"]

1. d4 d5 2. c4 dxc4 3. e3 Nf6 4. Bxc4 e6 5. Nf3 c5 6. O-O Nc6 7. dxc5 Qxd1 
8. Rxd1 Bxc5 9. Bb5 Bd7 10. Be2 O-O 11. a3 Be7 12. b4 Rac8 13. Bb2 Nd5 
14. Nbd2 Rfd8 15. Rac1 Nb6 16. Nc4 Na4 17. Ba1 Be8 18. g3 a6 19. Kg2 Rxd1 
20. Bxd1 b5 21. Nce5 Nb6 22. Bd4 Nxd4 23. Rxc8 Nxc8 24. Nxd4 Nd6 25. Be2 Bd8 
26. Kf1 Bc7 27. Bd3 h6 28. Ke2 Kf8 29. f4 Ke7 30. Nec6+ Bxc6 31. Nxc6+ Kd7 
32. Ne5+ Ke7 33. g4 g5 34. Nc6+ Ke8 35. Kf3 Kd7 36. Ne5+ Ke8 37. h3 Nc8 
38. Ke4 f6 39. Nc6 Kd7 40. Nd4 Bb6 41. Ne2 Nd6+ 42. Kf3 Kc6 43. Be4+ Kd7 
44. Bd3 Kc7 45. Nc3 gxf4 46. Kxf4 Kc6 47. Be4+ Kd7 48. Bd3 Kc6 49. Kf3 Bc7 
50. Ne2 Kd7 51. Nf4 Bd8 52. Ke2 f5 53. Bc2 fxg4 54. hxg4 Nc4 55. Bb3 Nxa3 
56. Bxe6+ Kd6 57. Kd3 a5 58. bxa5 Bxa5 59. Ba2 Bb6 60. Ne2 Kc5 61. Nd4 Nc4 
62. Nxb5 Nb2+ 63. Kc2 Kxb5 64. Kxb2 Bxe3 1/2-1/2

[Event "Tuesday Night Engine Tour 13 Rd Swiss 5m+1s Starts at 2200hrs"]
[Site "Infinity Chess"]
[Date "2018.1.31"]
[Round "9"]
[White "Victorious"]
[Black "Ryzen"]
[Result "1/2-1/2"]
[ECO "A81"]
[WhiteElo "2534"]
[BlackElo "2477"]
[WhiteEngine "BugChess2.41_Release"]
[BlackEngine "Houdini 6"]
[EventType "Swiss"]
[WhiteTeam ""]
[BlackTeam ""]
[PlyCount "113"]
[TimeControl "300+1"]

1. d4 f5 2. g3 Nf6 3. Nf3 e6 4. c4 d5 5. Nc3 c6 6. Bf4 Nbd7 7. e3 Be7 8. Bd3 Ne4 
9. h4 O-O 10. Rc1 Bf6 11. cxd5 exd5 12. Kf1 Qe7 13. Kg2 h6 14. Ne2 g5 
15. hxg5 hxg5 16. Bc7 Bg7 17. Be5 Nxe5 18. Nxe5 Bxe5 19. dxe5 Qxe5 20. Nd4 Rf7 
21. Rh5 Bd7 22. Qb3 Re8 23. Nf3 Qf6 24. Rch1 g4 25. Ng1 Qe5 26. Qa3 Nf6 
27. Rh8+ Kg7 28. Rxe8 Bxe8 29. Qxa7 d4 30. Qxd4 Qxd4 31. exd4 c5 32. Rh4 Rd7 
33. Ne2 cxd4 34. Rh1 Bf7 35. Rd1 Kg6 36. a4 Bd5+ 37. Kf1 Bf3 38. Nf4+ Kf7 
39. Bc4+ Ke7 40. Re1+ Ne4 41. Be6 Nd2+ 42. Kg1 Rd6 43. Bxf5+ Kf6 44. Re6+ Rxe6 
45. Bxe6 Ke5 46. Bd7 Kd6 47. Bf5 Kc5 48. Bd3 Bc6 49. Ne6+ Kd5 50. Nf4+ Kc5 
51. Bf5 Nf3+ 52. Kf1 Bxa4 53. Ke2 Ng1+ 54. Kd3 Nf3 55. Ke2 Ng1+ 56. Kd3 Nf3 
57. Ke2 1/2-1/2

[Event "Tuesday Night Engine Tour 13 Rd Swiss 5m+1s Starts at 2200hrs"]
[Site "Infinity Chess"]
[Date "2018.1.31"]
[Round "9"]
[White "incredible"]
[Black "Dovahkiin"]
[Result "1/2-1/2"]
[ECO "D30"]
[WhiteElo "2511"]
[BlackElo "2486"]
[WhiteEngine "Stockfish_x64_bmi2"]
[BlackEngine "BrainFish_180128_x64_modern_CTG"]
[EventType "Swiss"]
[WhiteTeam ""]
[BlackTeam ""]
[PlyCount "104"]
[TimeControl "300+1"]

1. d4 d5 2. c4 e6 3. Nf3 Nf6 4. Nc3 c6 5. Bg5 h6 6. Bxf6 Qxf6 7. e3 Nd7 
8. Bd3 dxc4 9. Bxc4 g6 10. O-O Bg7 11. e4 e5 12. d5 Nb6 13. Nd2 O-O 14. Bb3 h5 
15. Qe2 Bh6 16. Rad1 Bg4 17. f3 Bd7 18. Qf2 Qe7 19. Nc4 Nxc4 20. Bxc4 Rfd8 
21. Bb3 h4 22. Rd3 b6 23. g3 Qg5 24. f4 exf4 25. Qxf4 Qxf4 26. gxf4 Kg7 
27. d6 Re8 28. Kg2 Rad8 29. Kf3 b5 30. Rdd1 g5 31. e5 g4+ 32. Kg2 f6 33. Rfe1 c5 
34. Nd5 Bc6 35. Kg1 Bxd5 36. Rxd5 Bxf4 37. exf6+ Kxf6 38. Rf1 c4 39. Rxf4+ Ke6 
40. Rxb5 cxb3 41. axb3 Kxd6 42. Rxg4 Kc6 43. Ra5 Rd1+ 44. Kg2 Kb6 45. b4 Re2+ 
46. Kf3 Rxh2 47. Rg7 Rxb2 48. Rgxa7 h3 49. R7a6+ Kc7 50. Ra7+ Kb6 51. R7a6+ Kc7 
52. Ra7+ Kb6 1/2-1/2

[Event "Tuesday Night Engine Tour 13 Rd Swiss 5m+1s Starts at 2200hrs"]
[Site "Infinity Chess"]
[Date "2018.1.31"]
[Round "9"]
[White "SkyPilot"]
[Black "MarioDeMonti"]
[Result "1-0"]
[ECO "C50"]
[WhiteElo "2474"]
[BlackElo "2529"]
[WhiteEngine "stockfish_x64_bmi2_2018_01_23_CTG"]
[BlackEngine "stockfish_x64_bmi2_2018_01_23_CTG"]
[EventType "Swiss"]
[WhiteTeam ""]
[BlackTeam ""]
[PlyCount "173"]
[TimeControl "300+1"]

1. e4 e5 2. Nf3 Nc6 3. Bc4 Bc5 4. d3 Nf6 5. c3 d6 6. O-O a5 7. Re1 Ba7 
8. Nbd2 O-O 9. Nf1 Be6 10. Bb5 Ne7 11. d4 exd4 12. Nxd4 Ng6 13. Ba4 c6 
14. Bc2 Bd7 15. Ng3 Re8 16. f4 b5 17. h3 a4 18. Be3 h6 19. Qf3 Nh4 20. Qf1 Bb8 
21. Rad1 Bc7 22. a3 Ng6 23. Qf2 Ra6 24. Qf3 Nh4 25. Qf1 Bb8 26. Bf2 Ng6 
27. Ndf5 c5 28. Be3 Ne7 29. Nh4 Qc7 30. Qf3 Ng6 31. Nhf5 Qc6 32. Bd2 Ne7 
33. Nxg7 Kxg7 34. c4 b4 35. Kh1 b3 36. Bxb3 Kf8 37. Bc3 Neg8 38. Bc2 Qc7 
39. Rf1 Qb7 40. Rde1 Bc7 41. Qf2 Qb8 42. Re2 Ba5 43. e5 Bxc3 44. bxc3 dxe5 
45. Qxc5+ Qd6 46. Qxd6+ Rxd6 47. fxe5 Rde6 48. Rfe1 Rc8 49. exf6 Nxf6 
50. Rxe6 fxe6 51. Ne4 Nxe4 52. Rxe4 Ke7 53. Rh4 h5 54. Kg1 Be8 55. Bd1 Kf6 
56. Kf2 e5 57. Bxh5 Bxh5 58. Rxh5 Rxc4 59. Rh6+ Kg5 60. Ra6 Kf4 61. h4 Kf5 
62. h5 Rf4+ 63. Kg3 Re4 64. h6 Rg4+ 65. Kh3 Rg8 66. h7 Rh8 67. Ra7 e4 
68. Kg3 Rd8 69. Kf2 Rc8 70. Rg7 Rh8 71. Ke3 Kf6 72. Ra7 Kg6 73. c4 Rb8 
74. c5 Kf5 75. Rg7 Rh8 76. c6 Kf6 77. Rb7 Ke6 78. c7 Rc8 79. Rb8 Kd7 
80. Rxc8 Kxc8 81. h8=Q+ Kxc7 82. Qf6 Kc8 83. Qe7 Kb8 84. Kd4 Kc8 85. Kc5 e3 
86. Kc6 e2 87. Qc7# 1-0

[Event "Tuesday Night Engine Tour 13 Rd Swiss 5m+1s Starts at 2200hrs"]
[Site "Infinity Chess"]
[Date "2018.1.31"]
[Round "9"]
[White "RonWeasley"]
[Black "MGR"]
[Result "1/2-1/2"]
[ECO "C11"]
[WhiteElo "2534"]
[BlackElo "2526"]
[WhiteEngine "BrainFish 060118_CTG"]
[BlackEngine "asmFishW_2017-08-25_bmi2"]
[EventType "Swiss"]
[WhiteTeam ""]
[BlackTeam ""]
[PlyCount "73"]
[TimeControl "300+1"]

1. e4 e6 2. d4 d5 3. Nc3 Nf6 4. e5 Nfd7 5. f4 c5 6. Nf3 Nc6 7. Be3 cxd4 
8. Nxd4 Qb6 9. a3 Bc5 10. Ncb5 Nxd4 11. Bxd4 O-O 12. b4 Bxd4 13. Qxd4 a5 
14. Rb1 axb4 15. axb4 f6 16. exf6 Qxd4 17. Nxd4 Nb6 18. Bd3 gxf6 19. O-O e5 
20. fxe5 fxe5 21. Bxh7+ Kg7 22. Rxf8 Kxf8 23. Nf5 Nc4 24. h4 e4 25. Kf2 Ra2 
26. Rc1 Na3 27. h5 Rxc2+ 28. Rxc2 Nxc2 29. g4 d4 30. Nd6 e3+ 31. Kf1 Nxb4 
32. Nxc8 d3 33. Bxd3 Nxd3 34. g5 e2+ 35. Kxe2 Nf4+ 36. Kd1 Nxh5 37. Kd2 1/2-1/2

[Event "Tuesday Night Engine Tour 13 Rd Swiss 5m+1s Starts at 2200hrs"]
[Site "Infinity Chess"]
[Date "2018.1.31"]
[Round "9"]
[White "MCDermont"]
[Black "Coco69"]
[Result "1-0"]
[ECO "C53"]
[WhiteElo "2555"]
[BlackElo "2508"]
[WhiteEngine "BrainFish 060118_CTG"]
[BlackEngine "Raubfisch X37c_CTG"]
[EventType "Swiss"]
[WhiteTeam ""]
[BlackTeam ""]
[PlyCount "96"]
[TimeControl "300+1"]

1. e4 e5 2. Nf3 Nc6 3. Bc4 Bc5 4. c3 Nf6 5. d3 d6 6. Bb3 a5 7. Bg5 h6 8. Bh4 O-O 
9. O-O g5 10. Bg3 g4 11. Nh4 Nh5 12. a4 Qg5 13. Na3 Bd7 14. Re1 Nxg3 
15. hxg3 Qf6 16. Rf1 h5 17. Kh2 Qg7 18. Nc2 Rae8 19. Rc1 Ne7 20. Ne3 b6 
21. Nd5 Nxd5 22. Bxd5 c6 23. Bxc6 Bxc6 24. b4 Re6 25. f4 gxf3 26. Rxf3 Bd7 
27. bxc5 dxc5 28. Qe2 Bxa4 29. Rf5 Bd7 30. Qe3 Qh7 31. Rcf1 f6 32. d4 exd4 
33. cxd4 Rd6 34. dxc5 Rc6 35. cxb6 Bxf5 36. Rxf5 a4 37. Qd4 Re6 38. Qxa4 Qb7 
39. Rxh5 Qxe4 40. Qa2 Ra8 41. Qb3 Rd8 42. b7 Rb8 43. Rb5 f5 44. Rb4 Qe3 
45. Qc4 Qe1 46. Nxf5 Qe5 47. Rb6 Qxf5 48. Rxe6 Kh8 1-0

[Event "Tuesday Night Engine Tour 13 Rd Swiss 5m+1s Starts at 2200hrs"]
[Site "Infinity Chess"]
[Date "2018.1.31"]
[Round "8"]
[White "Coco69"]
[Black "Dovahkiin"]
[Result "1/2-1/2"]
[ECO "C50"]
[WhiteElo "2509"]
[BlackElo "2485"]
[WhiteEngine "Raubfisch X37c_CTG"]
[BlackEngine "BrainFish_180128_x64_modern_CTG"]
[EventType "Swiss"]
[WhiteTeam ""]
[BlackTeam ""]
[PlyCount "82"]
[TimeControl "300+1"]

1. e4 e5 2. Nf3 Nc6 3. Bc4 Bc5 4. O-O Nf6 5. d3 d6 6. c3 a5 7. Bg5 Ba7 
8. Nbd2 h6 9. Bh4 g5 10. Bg3 O-O 11. Bb3 Be6 12. a4 Qe7 13. Nc4 Qd7 14. Re1 Rae8 
15. Ne3 Bxe3 16. Rxe3 Bxb3 17. Qxb3 Kh7 18. Qd1 Ng4 19. Re1 f5 20. exf5 Qxf5 
21. Qb3 b6 22. Qc4 Qd7 23. Re2 Nf6 24. Rae1 Ne7 25. d4 e4 26. Nd2 Ng6 27. b4 h5 
28. h3 Kh6 29. bxa5 h4 30. Bh2 bxa5 31. Qb5 c6 32. Qxa5 Nd5 33. Qa6 e3 
34. fxe3 Nxc3 35. Rf2 Rxf2 36. Kxf2 g4 37. hxg4 Qxg4 38. Qd3 h3 39. g3 Nxa4 
40. Qb3 Qf5+ 41. Kg1 Qb5 1/2-1/2

[Event "Tuesday Night Engine Tour 13 Rd Swiss 5m+1s Starts at 2200hrs"]
[Site "Infinity Chess"]
[Date "2018.1.31"]
[Round "8"]
[White "ocirema"]
[Black "koalachess"]
[Result "0-1 "]
[ECO "C11"]
[WhiteElo "2478"]
[BlackElo "2273"]
[WhiteEngine "stockfish_18012814_x64_modern_CTG"]
[BlackEngine "asmFishW_2017-11-19_popcnt_CTG"]
[EventType "Swiss"]
[WhiteTeam ""]
[BlackTeam ""]
[PlyCount "56"]
[TimeControl "300+1"]

1. e4 e6 2. d4 d5 3. Nc3 Nf6 4. e5 Nfd7 5. f4 c5 6. Nf3 Nc6 7. Be3 Qb6 
8. Na4 Qa5+ 9. c3 c4 10. b4 Qc7 11. Be2 b5 12. Nc5 Nxc5 13. dxc5 a5 14. a3 g6 
15. O-O Bg7 16. Nd4 Nxd4 17. Bxd4 Bd7 18. Bf3 Bc6 19. g4 O-O 20. Qe2 axb4 
21. axb4 Ra4 22. Rad1 Rfa8 23. h4 Qe7 24. h5 Ra2 25. Qe1 R8a3 26. Rd2 Rxd2 
27. Qxd2 Ra6 28. Kg2 Qa7 0-1

[Event "Tuesday Night Engine Tour 13 Rd Swiss 5m+1s Starts at 2200hrs"]
[Site "Infinity Chess"]
[Date "2018.1.31"]
[Round "8"]
[White "star99"]
[Black "BraveDevil"]
[Result "1/2-1/2"]
[ECO "D38"]
[WhiteElo "2454"]
[BlackElo "2431"]
[WhiteEngine "Cryptic AIL V2"]
[BlackEngine "Cryptic AIL V2"]
[EventType "Swiss"]
[WhiteTeam ""]
[BlackTeam ""]
[PlyCount "95"]
[TimeControl "300+1"]

1. d4 d5 2. c4 e6 3. Nc3 Nf6 4. Nf3 Bb4 5. Bg5 h6 6. Bxf6 Qxf6 7. e3 Bxc3+ 
8. bxc3 O-O 9. h4 Qe7 10. g4 b6 11. g5 h5 12. Bg2 Bb7 13. cxd5 Bxd5 14. O-O Nd7 
15. Re1 c5 16. e4 Bb7 17. a4 Qd6 18. a5 Rab8 19. axb6 axb6 20. dxc5 Qxd1 
21. Rexd1 Nxc5 22. Ne5 Rfd8 23. f3 f6 24. gxf6 gxf6 25. Rxd8+ Rxd8 26. Ng6 Rd3 
27. Nf4 Rxc3 28. Rb1 f5 29. exf5 exf5 30. Rxb6 Bxf3 31. Rf6 Bxg2 32. Kxg2 Rc2+ 
33. Kf3 Rc3+ 34. Kg2 Rg3+ 35. Kxg3 Ne4+ 36. Kg2 Nxf6 37. Kg3 Kf7 38. Kf3 Ke7 
39. Kg3 Kd7 40. Kf2 Ne4+ 41. Ke3 Nf6 42. Kf3 Kc7 43. Ne2 Nd5 44. Ng3 Kd6 
45. Nxf5+ Ke5 46. Ng3 Nf6 47. Ke3 Nd5+ 48. Ke2 1/2-1/2

[Event "Tuesday Night Engine Tour 13 Rd Swiss 5m+1s Starts at 2200hrs"]
[Site "Infinity Chess"]
[Date "2018.1.31"]
[Round "8"]
[White "localhero"]
[Black "KillBill2017"]
[Result "1/2-1/2"]
[ECO "A46"]
[WhiteElo "2478"]
[BlackElo "2443"]
[WhiteEngine "asmfish-popcnt-012018-W"]
[BlackEngine "Raubfisch ME262_GTZ16b4_CTG"]
[EventType "Swiss"]
[WhiteTeam ""]
[BlackTeam ""]
[PlyCount "159"]
[TimeControl "300+1"]

1. d4 Nf6 2. Nf3 d5 3. e3 c5 4. c4 e6 5. a3 dxc4 6. Bxc4 a6 7. O-O b5 8. Ba2 Bb7 
9. Nc3 Nc6 10. Qe2 Qc7 11. Bd2 c4 12. e4 Rd8 13. Be3 Ne7 14. Bb1 Ng6 15. Nd2 h5 
16. e5 Nd5 17. Bxg6 fxg6 18. Nce4 Be7 19. Qf3 Qd7 20. Rfe1 Rf8 21. Qg3 Kf7 
22. Rac1 Qc6 23. Rc2 Qd7 24. h3 Kg8 25. Qxg6 Qe8 26. Qxe8 Rfxe8 27. g3 h4 
28. gxh4 Bxh4 29. Nd6 Nxe3 30. Rxe3 Re7 31. Nxb7 Rxb7 32. Nf3 Be7 33. Kf1 Rc8 
34. Re1 Rf8 35. Kg2 Rc7 36. Rd1 Kf7 37. Ng1 Rd8 38. Ne2 a5 39. Nc3 Rb7 
40. Kg3 Rh8 41. f4 g5 42. Rf1 Kg6 43. Rg2 Rf8 44. Rf3 b4 45. axb4 axb4 
46. Ne2 Kh5 47. Rg1 Rc7 48. Kf2 c3 49. bxc3 bxc3 50. f5 exf5 51. Rxc3 Rfc8 
52. Rgc1 Rxc3 53. Rxc3 Rxc3 54. Nxc3 Kg6 55. Ke3 Kf7 56. d5 Bc5+ 57. Kd3 Bg1 
58. Ne2 Bh2 59. Kd4 Ke7 60. Nc1 Bg1+ 61. Kc4 g4 62. hxg4 fxg4 63. Ne2 Bf2 
64. Nf4 Kd7 65. Kd3 g3 66. Ng2 Bb6 67. Ke4 Ba5 68. Ne3 Bc7 69. Kf5 Ke7 
70. Kf4 Kf7 71. Ng2 Ke7 72. Ke4 Bb8 73. Kd4 Bc7 74. Nh4 Kd7 75. Ng2 Ke7 
76. Nh4 Kd7 77. d6 Bxd6 78. exd6 Kxd6 79. Nf5+ Kd7 80. Nxg3 1/2-1/2

[Event "Tuesday Night Engine Tour 13 Rd Swiss 5m+1s Starts at 2200hrs"]
[Site "Infinity Chess"]
[Date "2018.1.31"]
[Round "8"]
[White "Ryzen"]
[Black "KULLANI"]
[Result "1-0"]
[ECO "A07"]
[WhiteElo "2459"]
[BlackElo "2507"]
[WhiteEngine "Houdini 6"]
[BlackEngine "BrainFish_180124_x64_CTG"]
[EventType "Swiss"]
[WhiteTeam ""]
[BlackTeam ""]
[PlyCount "251"]
[TimeControl "300+1"]

1. Nf3 d5 2. g3 Nf6 3. Bg2 c6 4. O-O Bf5 5. d3 e6 6. Nh4 Bg4 7. h3 Bh5 8. g4 Bg6 
9. Nd2 Nbd7 10. e3 Bd6 11. f4 O-O 12. Ndf3 a5 13. a4 Re8 14. Kh1 e5 15. f5 e4 
16. Nd2 Bb8 17. fxg6 hxg6 18. Rg1 Bg3 19. g5 Nh5 20. Nf5 Qxg5 21. Nxg3 Nxg3+ 
22. Kh2 Qe5 23. Re1 Nf5+ 24. Kg1 Nf6 25. Nf1 Nh4 26. Re2 Qh5 27. Bd2 Re5 
28. Ng3 Qg5 29. Be1 exd3 30. cxd3 Nxg2 31. Rxg2 Qxe3+ 32. Kh2 Qb6 33. Qc2 Re6 
34. Bc3 d4 35. Bd2 Rd8 36. Rf1 Nd5 37. Bg5 Ne3 38. Bxd8 Nxf1+ 39. Nxf1 Qxd8 
40. Qf2 c5 41. Qf4 Qc8 42. Rf2 Rf6 43. Qg3 Rxf2+ 44. Qxf2 Qe8 45. b3 Qe5+ 
46. Kg1 Qe6 47. Nd2 Qxh3 48. Qe2 Qf5 49. Nc4 Qf4 50. Kg2 b6 51. Qe4 Qg5+ 
52. Kf2 f5 53. Qa8+ Kh7 54. Qf3 Qh4+ 55. Ke2 Qh2+ 56. Qf2 Qh5+ 57. Kd2 Qh6+ 
58. Kc2 f4 59. Ne5 g5 60. Qg2 Qh5 61. Kd2 Kg8 62. Ke1 Kh7 63. Kf2 Qh4+ 
64. Kf1 Qh5 65. Qe4+ Kg8 66. Kg2 Qd1 67. Nf3 g4 68. Qe6+ Kf8 69. Qxg4 Qc2+ 
70. Kh3 Qxd3 71. Qc8+ Ke7 72. Qc7+ Ke6 73. Qxb6+ Kf5 74. Qxc5+ Ke4 75. Qc6+ Ke3 
76. Kg4 Qb1 77. Ng5 Qd1+ 78. Kf5 g6+ 79. Kxg6 f3 80. Qe4+ Kf2 81. Kf6 Qxb3 
82. Qxd4+ Kg2 83. Qg4+ Kf2 84. Ke5 Ke2 85. Qe4+ Kf2 86. Qd4+ Kg2 87. Ne4 Qb8+ 
88. Kd5 Qb7+ 89. Kc5 Qa7+ 90. Kc4 Qa6+ 91. Kc3 Qc8+ 92. Kd2 Qg4 93. Ke1 Kh2 
94. Nd2 Qe6+ 95. Qe4 Qxe4+ 96. Nxe4 Kg1 97. Nf2 Kg2 98. Nd1 f2+ 99. Nxf2 Kf3 
100. Nd1 Ke4 101. Kd2 Kd5 102. Kc3 Kc5 103. Nb2 Kb6 104. Nc4+ Ka6 105. Kb2 Ka7 
106. Nxa5 Ka6 107. Nb3 Kb7 108. a5 Ka6 109. Ka2 Kb7 110. Nc5+ Kc6 111. a6 Kb6 
112. Kb2 Ka7 113. Ka3 Ka8 114. Ka4 Kb8 115. Ne6 Kc8 116. Ka5 Kd7 117. a7 Kxe6 
118. a8=Q Kf7 119. Qf3+ Kg7 120. Qh5 Kf6 121. Kb5 Kg7 122. Kc5 Kf6 123. Kd6 Kg7 
124. Ke6 Kg8 125. Kf6 Kf8 126. Qf7# 1-0